 Dungeon Crawl Stone Soup version 0.24-a0-516-g9de272bb65 (webtiles) character file.

Game seed: 363031954910793524

401 Greboboi the Shield-Bearer (level 6, -4/53 HPs)
             Began as a Minotaur Fighter on July 22, 2019.
             Slain by a gnoll
             ... wielding a +0 spear
              (5 damage)
             ... on level 3 of the Dungeon.
             The game lasted 00:07:21 (2527 turns).

Greboboi the Shield-Bearer (Minotaur Fighter)       Turns: 2527, Time: 00:07:21

Health: -4/53      AC: 12    Str: 22    XL:     6   Next: 54%
Magic:  14/14      EV:  5    Int:  5    God:
Gold:   151        SH: 14    Dex: 10    Spells: 5/5 levels left

rFire    + . .     SeeInvis .   a - +0 war axe
rCold    x . .     Gourm    .   c - +0 shield
rNeg     . . .     Faith    .   w - +0 plate armour
rPois    .         Spirit   .   (helmet restricted)
rElec    .         Reflect  +   (no cloak)
rCorr    .         Harm     .   (no gloves)
MR       .....                  (no boots)
Stlth    ..........             r - +4 amulet of reflection
HPRegen  0.17/turn              p - ring of fire
MPRegen  0.14/turn              u - ring of magical power

@: no status effects
A: retaliatory headbutt, horns 2
a: no special abilities


You were on level 3 of the Dungeon.
You were hungry.

You visited 1 branch of the dungeon, and saw 4 of its levels.

You collected 151 gold pieces.

Inventory:

Hand Weapons
 a - a +0 war axe (weapon)
 x - a +0 dagger of holy wrath
Armour
 c - a +0 shield (worn)
 e - a +0 ring mail
 w - a +0 plate armour (worn)
Jewellery
 p - a ring of fire (left hand)
 r - a +4 amulet of reflection (around neck)
 u - a ring of magical power (right hand)
Wands
 v - a wand of enslavement (11)
Scrolls
 b - 4 scrolls of teleportation {unknown}
 h - a scroll of fog {unknown}
 l - a scroll of amnesia {unknown}
 m - a scroll of immolation {unknown}
 o - 3 scrolls of identify {unknown}
Potions
 d - a potion of might
 g - a potion of mutation {unknown}
 i - 2 potions of lignification {unknown}
 j - a potion of resistance {unknown}
 n - a potion of haste {unknown}
 q - a potion of heal wounds {unknown}
 s - a potion of invisibility
 t - a potion of agility {unknown}
Comestibles
 f - 6 rations
 k - 5 chunks of flesh


   Skills:
 + Level 4.4 Fighting
 + Level 5.1 Axes
 + Level 4.9 Armour
 * Level 2.9 Dodging
 + Level 5.3 Shields


You had 5 spell levels left.
You didn't know any spells.
Your spell library was empty.

Dungeon Overview and Level Annotations

Branches:
Dungeon (4/15)
 Temple: D:4-7

Altars:
Ashenzari
Dithmenos
Hepliaklqana
Ru
Sif Muna
Wu Jian
Zin


Innate Abilities, Weirdness & Mutations

You reflexively headbutt those who attack you in melee.
You have a pair of horns on your head.


Message History

You reflect the throwing net off an invisible shield around you!
The throwing net closely misses the gnoll.
Things that are here:
a +1 trident of flaming; a +0 ring mail; a +0 shield
Things that are here:
a +0 club; a gnoll corpse The gnoll hits you from afar with a +0 spear.
* * * LOW HITPOINT WARNING * * *
You block the gnoll's attack. x2
Things that are here:
a +0 club; a gnoll corpse You closely miss the gnoll.
The gnoll hits you but does no damage.
The gnoll hits you from afar with a +0 spear.
* * * LOW HITPOINT WARNING * * *
The gnoll hits you but does no damage.
Your shield and plate armour prevent you from hitting the gnoll.
You headbutt the gnoll!
The gnoll is severely wounded.
You block the gnoll's attack. The gnoll hits you with a +0 spear.
You die...

...............#
##############.# # #.#
##############.#
.....g.g.....#.#
.###########.#.#######
.#.........#.#....รท..#
.#.#######.#.#######.#
g#.# #(..)gg@..#.##
.#.#####.###.#####.#..#
.#........ #.# #.#.##
g........# #.# #.#.#
g######### #.# #.#.#
.#.......# #.# #.#.#
.#'#####.# #.# #.#.#
g........# #.# #.#.##
.........# #.# #....#


You could see 2 gnolls.

Vanquished Creatures
  A gnoll sergeant (D:3)
  A gnoll shaman (D:3)
  Ijyb (D:3)
  4 adders
  14 gnolls (D:3)
  An ooze (D:3)
  3 worms (D:3)
  4 dart slugs (D:1)
  2 leopard geckos
  9 bats
  A giant cockroach (D:1)
  8 goblins
  10 hobgoblins
  18 jackals
  3 quokkas
  2 ball pythons
  5 frilled lizards
  7 kobolds
  6 rats
100 creatures vanquished.

Vanquished Creatures (others)
  A kobold (D:3)
1 creature vanquished.

Grand Total: 101 creatures vanquished

Notes
Turn   | Place    | Note
-------+----------+-------------------------------------------
     0 | D:1      | Greboboi the Minotaur Fighter began the quest for the Orb.
     0 | D:1      | Reached XP level 1. HP: 19/19 MP: 0/0
   175 | D:1      | Reached XP level 2. HP: 27/27 MP: 1/1
   522 | D:1      | Reached XP level 3. HP: 31/33 MP: 2/2
   984 | D:2      | Reached skill level 1 in Dodging
   987 | D:2      | Found a sacrificial altar of Ru.
  1093 | D:2      | Found a deep blue altar of Sif Muna.
  1122 | D:2      | Found a shattered altar of Ashenzari.
  1293 | D:2      | Found a glowing silver altar of Zin.
  1302 | D:2      | Found an ornate altar of the Wu Jian Council.
  1303 | D:2      | Found a shadowy altar of Dithmenos.
  1304 | D:2      | Found a hazy altar of Hepliaklqana.
  1344 | D:2      | Reached XP level 4. HP: 40/40 MP: 3/3
  1447 | D:2      | You fall into a shaft and drop 2 floors!
  1642 | D:3      | Noticed Ijyb
  1645 | D:3      | Killed Ijyb
  1838 | D:3      | Found a faded altar of an unknown god.
  1916 | D:3      | Reached XP level 5. HP: 46/46 MP: 4/4
  2449 | D:3      | HP: 1/46 [gnoll/+0 whip (5)]
  2450 | D:3      | Reached XP level 6. HP: 2/53 MP: 5/5
  2484 | D:3      | HP: 2/53 [gnoll/+0 whip (4)]
  2492 | D:3      | Reached skill level 5 in Shields
  2509 | D:3      | Reached skill level 5 in Axes
  2524 | D:3      | HP: 2/53 [gnoll/+0 spear (2)]
  2527 | D:3      | Slain by a gnoll

Levels and vault maps discovered:
D:1:      sevenhm_arrival_forest_fort_small_3, layout_loops_corners
D:2:      layout_basic, minitemple, minmay_box_of_dots
D:3:      lemuel_castle_with_subvaults [lemuel_castle_interior_original],
          layout_basic, chequers_ecumenical_altar_simple_redux, uniq_ijyb
D:4:      layout_basic, dancing_weapons_uskayaw, first_ration

Skill      XL: |  1  2  3  4  5  6 |
---------------+-------------------+-----
Armour         | 4 |  4.9
Fighting       | 4 |  4.4
Shields        | 4 5 |  5.3
Axes           | 3 4 5 |  5.1
Dodging        | 1 2 |  2.9

Action                   |  1- 3 |  4- 6 || total
-------------------------+-------+-------++-------
Melee: War axe           |    81 |   165 ||   246
       Headbutt          |     7 |    20 ||    27
  Use: Potion            |       |     1 ||     1
  Eat: Chunk             |     1 |     4 ||     5
Armor: Ring mail         |    34 |     6 ||    40
       Scale mail        |     4 |       ||     4
       Plate armour      |       |   100 ||   100
Dodge: Dodged            |    32 |    53 ||    85
Block: Shield            |    40 |   199 ||   239
       Reflection        |       |     3 ||     3

Table legend:
 A = Non-vault XP
 B = Vault XP
 C = Vault XP percentage of total XP
 D = Non-vault monster count
 E = Vault monster count
 F = Vault count percentage of total count
                 A         B        C        D         E       F
            +---------+---------+-------+---------+---------+-------
      Total |     181 |     393 |  68.5 |      69 |      31 |  31.0
            +---------+---------+-------+---------+---------+-------
        D:1 |      48 |       0 |   0.0 |      24 |       0 |   0.0
        D:2 |      51 |       0 |   0.0 |      18 |       0 |   0.0
        D:3 |      51 |     393 |  88.5 |      22 |      31 |  58.5
        D:4 |      31 |       0 |   0.0 |       5 |       0 |   0.0
            +---------+---------+-------+---------+---------+-------
